 Dungeon Crawl Stone Soup version 0.31-a0-840-g6d2ecbb638 (webtiles) character file.

Game seed: 7720831390394903952

21 Essalna the Digger (level 2, -2/15 HPs)
             Began as a Gargoyle Earth Elementalist on Sept 27, 2023.
             Slain by a gnoll
             ... wielding a +1 spear of venom
              (7 damage)
             ... on level 1 of the Dungeon.
             The game lasted 00:01:10 (715 turns).

Essalna the Digger (Gargoyle Earth Elementalist)     Turns: 715, Time: 00:01:11

Health: -2/15      AC:  5    Str: 11    XL:     2   Next: 83%
Magic:  0/5        EV: 11    Int: 15    God:
Gold:   49         SH:  0    Dex: 10    Spells: 4/5 levels left

rFire   . . .        e - +0 dagger
rCold   . . .        (no shield)
rNeg    + . .        a - +0 robe
rPois   ∞            (no helmet)
rElec   +            (no cloak)
rCorr   .            (no gloves)
SInv    .            d - +0 pair of boots
Will    +....        (no amulet)
Stlth   +            h - ring of willpower
HPRegen 0.22/turn    (no ring)
MPRegen 0.09/turn

%: no passive effects
@: very slow
A: sickness immunity, AC +2, negative energy resistance 1, electricity
resistance, torment resistance 1, petrification resistance
a: no special abilities


You were on level 1 of the Dungeon.
You visited 1 branch of the dungeon, and saw 1 of its levels.

You collected 49 gold pieces.

Inventory:

Hand Weapons
 e - a +0 dagger (weapon)
Armour
 a - a +0 robe (worn)
 d - a +0 pair of boots (worn)
Jewellery
 h - a ring of willpower (left hand)
Scrolls
 f - a scroll of teleportation {unknown}
 g - a scroll of revelation {unknown}
 i - a scroll of identify {unknown}
Potions
 b - a potion of magic
 c - a potion of curing {unknown}


   Skills:
 - Level 1.5 Dodging
 - Level 2.1 Stealth
 + Level 2.3 Spellcasting
 + Level 1.3 Transmutations
 + Level 4.0 Earth Magic


You had 4 spell levels left.
You knew the following spells:

 Your Spells              Type           Power      Damage    Failure   Level
a - Sandblast             Erth           28%        2d8       4%          1

Your spell library contained the following spells:

 Spells                   Type           Power      Damage    Failure   Level
 Passwall                 Tmut/Erth      7%         N/A       11%         2
 Stone Arrow              Conj/Erth      14%        3d7       28%         3
 Petrify                  Tmut/Erth      9%         N/A       56%         4
 Brom's Barrelling Bould  Conj/Erth      7%         2d3       67%         4


Dungeon Overview and Level Annotations

Branches:
Dungeon (1/15)

Altars:


Innate Abilities, Weirdness & Mutations

You are immune to sickness and miasma.
Your stone body is resilient. (AC +2)
You are immune to poison.
You resist negative energy. (rN+)
You are resistant to electric shocks. (rElec)
You are resistant to unholy torment.
You are immune to petrification.


Message History

A goblin is nearby!
A goblin is nearby!
The blast of sand hits the goblin!
You kill the goblin!
No target in view!
You can't see any susceptible monsters within range! (Use Z to cast anyway.)
You can't see any susceptible monsters within range! (Use Z to cast anyway.)
You see here a +0 dagger.
Key pressed, stopping explore.
A ball python comes into view.
Found a glowing leather armour.
The ball python hisses angrily.
The ball python moves out of view.
An endoplasm comes into view.
You enter the shallow water.
Moving in this stuff is going to be slow.
A gnoll comes into view. It is wielding a +1 spear of venom.
The endoplasm quivers.
The gnoll shouts!
The ball python barely misses you. The ball python grabs you.
The ball python constricts you.
The blast of sand hits the ball python!
You kill the ball python!
The blast of sand hits the endoplasm.
The endoplasm is severely wounded.
The blast of sand hits the endoplasm.
You kill the endoplasm!
The blast of sand misses the gnoll.
The gnoll splashes around in the water.
The blast of sand hits the gnoll!
The gnoll is heavily wounded.
The gnoll hits you from afar with a +1 spear of venom.
The gnoll misses you.
You are too injured to fight recklessly!
You are too injured to fight recklessly!
You are too injured to fight recklessly!
You are too injured to fight recklessly!
The gnoll hits you with a +1 spear of venom!
Your unstable footing causes you to fumble your attack.
The gnoll hits you with a +1 spear of venom!
You die...

########
~~P~~≈≈≈~~P~P~ #.
~~~~≈P~~~~P~P~~# #.
~~~~~~~♣~..~ ~. #.
♣♣PP...~..... ..
###. #....[....... .
#..) #..........~.
~♣##.##
#....g..~~~PP ♣~##.#
#..♣~@~~~~~~~ #.##.#
#.#♣~~~~♣~~P♣##.##.#
#...♣♣♣♣♣ ♣♣#......#
###...♣♣♣♣♣...######
###.......###
#########


You could see a gnoll.

Vanquished Creatures
  A dart slug (D:1)
  An endoplasm (D:1)
  A giant cockroach (D:1)
  3 goblins (D:1)
  2 hobgoblins (D:1)
  A quokka (D:1)
  3 ball pythons (D:1)
  A bat (D:1)
  A frilled lizard (D:1)
  A kobold (D:1)
  4 rats (D:1)
19 creatures vanquished.

Notes
Turn   | Place    | Note
-------+----------+-------------------------------------------
     0 | D:1      | Essalna the Gargoyle Earth Elementalist began the quest for
                  | the Orb.
     0 | D:1      | Reached XP level 1. HP: 10/10 MP: 3/3
    95 | D:1      | Reached skill level 1 in Transmutations
   141 | D:1      | Found a faded altar of an unknown god.
   192 | D:1      | Reached XP level 2. HP: 15/15 MP: 0/5
   351 | D:1      | Reached skill level 4 in Earth Magic
   715 | D:1      | Slain by a gnoll

Illustrated notes

Levels and vault maps discovered:
D:1:      reono_arrival_mine, layout_basic, basic_ecumenical_altar,
          serial_bayou, serial_bayou_ford_a, serial_bayou_shore_b,
          serial_bayou_lagoon_a, serial_bayou_pond_e,
          minmay_misc_feat_secret_circle

Skill      XL: |  1  2 |
---------------+-------+-----
Transmutations | 1 |  1.3
Earth Magic    | 4 |  4.0
Dodging        | |  1.5
Stealth        | |  2.1
Spellcasting   | |  2.3

Action                     || total
---------------------------++-------
  Melee: Dagger            ||    21
         Unarmed           ||     4
   Cast: Sandblast         ||    25
 Armour: Robe              ||    22
  Dodge: Dodged            ||    12

Table legend: (Time is in decaauts)
 A = Elapsed time spent in this place.
 B = Non-inter-level travel time spent in this place.
 C = Inter-level travel time spent in this place.
 D = Time resting spent in this place.
 E = Time spent auto-exploring this place.
 F = Levels seen in this place.
 G = Mean time per level.
                   A        B        C        D        E       F      G
               +--------+--------+--------+--------+--------+-----+--------+
         Total |    732 |    732 |      0 |      0 |    584 |   1 |  732.0 |
       Dungeon |    732 |    732 |      0 |      0 |    584 |   1 |  732.0 |
               +--------+--------+--------+--------+--------+-----+--------+

Top non-repeatable levels by time:
     D:1: 732 daAuts
